 Dungeon Crawl Stone Soup version 0.29-a0-506-ga2e7fffb44 (webtiles) character file.

Game seed: 8061997176799092086

161350 Pelinal the Hand of Fortune (level 17, -1/207 HPs)
             Began as a Hill Orc Fighter on May 29, 2022.
             Was the Champion of Nemelex Xobeh.
             Succumbed to a redback's poison
             ... on level 1 of the Spider Nest.
             The game lasted 01:19:30 (36404 turns).

Pelinal the Hand of Fortune (Hill Orc Fighter)     Turns: 36404, Time: 01:19:31

Health: -1/207     AC: 19    Str: 25    XL:     17   Next: 78%
Magic:  31/31      EV: 13    Int:  8    God:    Nemelex Xobeh [******]
Gold:   1033       SH: 27    Dex: 18    Spells: 16/16 levels left

rFire   . . .      SeeInvis +   Z - +9 broad axe (venom)
rCold   . . .      Faith    .   O - +0 tower shield
rNeg    . . .      Spirit   .   X - +0 scale mail of the Snake Pit {+Blink +Inv Regen+ Str-3}
rPois   +          Reflect  +   (no helmet)
rElec   +          Harm     .   v - +2 cloak {rPois}
rCorr   .          Rampage  .   w - +1 pair of gloves {hurl}
Will    ++...                   b - +1 pair of boots
Stlth   ..........              k - amulet of reflection
HPRegen 1.24/turn               P - ring of willpower
MPRegen 0.22/turn               u - ring "Oppizesu" {rElec Str+3 Dex+6 SInv}

@: berserking, lethally poisoned (-1 -> -21), very quick
A: iridescent scales 1
a: Renounce Religion, Evoke Blink, Evoke Invisibility, Draw Escape, Draw
Destruction, Draw Summoning, Draw Stack, Triple Draw, Deal Four, Stack Five


You were on level 1 of the Spider Nest.
You worshipped Nemelex Xobeh.
Nemelex Xobeh was exalted by your worship.
You visited 5 branches of the dungeon, and saw 27 of its levels.
You visited the Abyss 2 times.
You also visited: Ossuary.

You collected 2894 gold pieces.
You spent 1861 gold pieces at shops.

Inventory:

Hand Weapons
 Z - a +9 broad axe of venom (weapon)
Missiles
 e - 7 javelins
 t - 28 poisoned darts (quivered)
Armour
 b - a +1 pair of boots (worn)
 v - a +2 cloak of poison resistance (worn)
 w - a +1 pair of gloves of hurling (worn)
 O - a +0 tower shield (worn)
 X - the +0 scale mail of the Snake Pit (worn) {+Blink +Inv Regen+ Str-3}
   (You found it on level 14 of the Dungeon)

   Str:       It affects your strength (-3).
   +Inv:      It lets you turn invisible.
   +Blink:    It lets you blink.
   Regen:     It increases your rate of health regeneration.
Jewellery
 j - an amulet of regeneration
 k - an amulet of reflection (around neck)
 u - the ring "Oppizesu" (right hand) {rElec Str+3 Dex+6 SInv}
   (You bought it in a shop on level 6 of the Dungeon)

   [ring of dexterity]

   Str:       It affects your strength (+3).
   Dex:       It affects your dexterity (+6).
   rElec:     It insulates you from electricity.
   SInv:      It lets you see invisible.
 C - a +4 ring of protection
 P - a ring of willpower (left hand)
 T - a ring of resist corrosion
Wands
 c - a wand of iceblast (2)
 q - a wand of flame (100)
 D - a wand of mindburst (12)
 N - a wand of digging (5)
 V - a wand of acid (2)
Scrolls
 f - 5 scrolls of immolation
 l - 5 scrolls of fog
 o - 3 scrolls of vulnerability
 r - 8 scrolls of enchant armour
 y - 2 scrolls of fear
 z - 2 scrolls of brand weapon
 E - 3 scrolls of silence
 I - 6 scrolls of magic mapping
 J - 8 scrolls of teleportation
 K - 2 scrolls of blinking
 L - 7 scrolls of poison
 M - 2 scrolls of torment
 Q - 2 scrolls of amnesia
 R - a scroll of summoning
Potions
 d - 3 potions of might
 g - 7 potions of flight
 h - 4 potions of attraction
 i - a potion of cancellation
 n - 9 potions of lignification
 p - 4 potions of magic
 s - 7 potions of curing
 x - 3 potions of berserk rage
 A - 5 potions of ambrosia
 B - a potion of haste
 G - 5 potions of brilliance
 H - a potion of mutation
 S - a potion of resistance
Miscellaneous
 a - a lightning rod (4/4)
 m - a phial of floods
 F - a phantom mirror
 U - a condenser vane
 W - a tin of tremorstones (2/2)
 Y - a box of beasts


   Skills:
 - Level 9.4 Fighting
 - Level 18.0 Axes
 - Level 6.0 Throwing
 * Level 11.5 Armour
 + Level 7.7 Dodging
 * Level 18.8 Shields
 - Level 20.0 Invocations
 - Level 11.0 Evocations


You had 16 spell levels left.
You didn't know any spells.
Your spell library contained the following spells:

 Spells                   Type           Power      Damage    Failure   Level
 Apportation              Tloc           0%         N/A       90%         1
 Foxfire                  Conj/Fire      0%         2x1d4     90%         1
 Magic Dart               Conj           0%         1d3       90%         1
 Necrotize                Necr           0%         1d4       90%         1
 Shock                    Conj/Air       0%         1d3       90%         1
 Slow                     Hex            0%         N/A       90%         1
 Sting                    Tmut/Pois      0%         1d3       90%         1
 Summon Small Mammal      Summ           0%         N/A       90%         1
 Call Imp                 Summ           0%         N/A       97%         2
 Ensorcelled Hibernation  Hex/Ice        0%         N/A       97%         2
 Passwall                 Tmut/Erth      0%         N/A       97%         2
 Poisonous Vapours        Pois/Air       0%         N/A       97%         2
 Confusing Touch          Hex            0%         N/A       99%         3
 Conjure Flame            Conj/Fire      0%         6-21      99%         3
 Frozen Ramparts          Ice            0%         1d2       99%         3
 Inner Flame              Hex/Fire       0%         N/A       99%         3
 Mephitic Cloud           Conj/Pois/Air  0%         N/A       99%         3
 Ozocubu's Armour         Ice            0%         N/A       99%         3
 Summon Guardian Golem    Hex/Summ       0%         N/A       99%         3
 Swiftness                Air            0%         N/A       99%         3
 Vampiric Draining        Necr           0%         2d6       99%         3
 Flame Wave               Conj/Fire      0%         2d4       100%        4
 Hailstorm                Conj/Ice       0%         3d3       100%        4
 Ice Form                 Ice/Tmut       0%         N/A       100%        4
 Olgreb's Toxic Radiance  Pois           0%         N/A       100%        4
 Summon Ice Beast         Ice/Summ       0%         N/A       100%        4
 Fireball                 Conj/Fire      0%         3d3       100%        5
 Iskenderun's Battlesphe  Conj           0%         2d6       100%        5
 Lightning Bolt           Conj/Air       0%         1d11      100%        5
 Metabolic Englaciation   Hex/Ice        0%         N/A       100%        5
 Yara's Violent Unravell  Hex/Tmut       0%         3d3       100%        5
 Conjure Ball Lightning   Conj/Air       0%         3x3d6     100%        6
 Simulacrum               Ice/Necr       0%         N/A       100%        6
 Enfeeble                 Hex            0%         N/A       100%        7
 Orb of Destruction       Conj           0%         9d5       100%        7
 Spellforged Servitor     Conj/Summ      0%         N/A       100%        7
 Discord                  Hex            0%         N/A       100%        8
 Disjunction              Tloc           0%         N/A       100%        8
 Dragon's Call            Summ           0%         N/A       100%        9


Dungeon Overview and Level Annotations

Branches:
Dungeon (15/15)            Temple (0/1) D:5            Lair (6/6) D:11
 Shoals (0/4) Lair:4       Spider (1/4) Lair:3        Slime (0/5) Lair:5
    Orc (2/2) D:11            Elf (3/3) Orc:2        Vaults (0/5) D:13
 Depths (0/4) D:15        Ossuary (visited)

Altars:
Ashenzari
Dithmenos
Elyvilon
Fedhas
Hepliaklqana
Nemelex Xobeh
Qazlal
Ru
Trog
Uskayaw
Wu Jian
Zin
The Shining One
Beogh
Jiyva
Lugonu

Shops:
D:6 =   D:12 ?!   Orc:1 [   Orc:2 [=***   Elf:2 [

Portals:
Abyss: Lair:6

Annotations:
D:3 3 runed translucent doors, Sabo's ghost, amateur DsGl
D:10 exclusion: obsidian statue
D:11 1 runed translucent door, jlumianski's ghost, journeyman DsFi


Innate Abilities, Weirdness & Mutations

You are partially covered in iridescent scales. (AC +2)


Message History

Your rakshasa hits the redback with a +0 whip!
Unknown command.
Unknown command.
You barely miss the redback.
The redback is almost dead.
You closely miss the tarantella. You closely miss the redback.
You slash the broodmother!
You kill the broodmother!
The redback disappears in a puff of smoke!
The tarantella disappears in a puff of smoke!
The redback disappears in a puff of smoke!
The wolf spider disappears in a puff of smoke! x2
You completely miss the neqoxec.
A freezing mist starts to gather...
A broodmother simulacrum comes into view.
* * * LOW HITPOINT WARNING * * *
You feel very sick.
Unknown command.
You barely miss the neqoxec. You slash the broodmother simulacrum!
* * * LOW HITPOINT WARNING * * *
You feel very sick.
Your rakshasa completely misses the neqoxec.
You block the neqoxec's attack.
Unknown command.
Unknown command.
Unknown command.
Unknown command.
You slice the broodmother simulacrum!!
The broodmother simulacrum is severely damaged.
You slash the neqoxec!
* * * LOW HITPOINT WARNING * * *
You feel very sick.
You block the broodmother simulacrum's attack.
Unknown command.
Unknown command.
Okay, then.
You slice the broodmother simulacrum!!
The broodmother simulacrum vaporises!
You barely miss the neqoxec.
You die...
Your body glows with a rainbow of weird colours and disappears.

.?...# ...###
#..........## ##.#####
#...........# #.#.....
#...........#
##........#..........#
..........#....§.....#
................Z....#
..........#.§§..☼3R..#
..........#..§§§@§§.#
..........##...§§...#
..........##......§##
#.#.......###.....##
##.#......###......##
..#.##....#.##......#
...#.###..#.##......##
......###............#
.........#..........##


You could see a neqoxec (summoned, ally target), a radroach simulacrum and a
friendly rakshasa (summoned).

Vanquished Creatures
  A deep elf blademaster (Elf:2)
  2 deep elf master archers (Elf:3)
  Frances (D:14)
  Agnes (D:14)
  An emperor scorpion (Elf:3)
  A frost giant (Elf:3)
  4 deep elf sorcerers
  An ironbound preserver (D:13)
  2 deep elf elementalists (Elf:3)
  A quicksilver ooze (Lair:5)
  A broodmother (Spider:1)
  A stone giant (Elf:3)
  2 deep elf annihilators
  5 deep elf demonologists (Elf:3)
  2 dire elephants
  4 deep elf death magi
  Snorg (Lair:4)
  An ettin (Elf:3)
  A deep elf high priest (Elf:3)
  Josephine (D:13)
  A great orb of eyes (D:9)
  4 hydras
  Erolcha (Orc:2)
  4 boulder beetles
  2 catoblepae
  6 centaur warriors
  A radroach (Spider:1)
  An anaconda (shapeshifter) (Elf:3)
  A death yak (Elf:3)
  An ogre mage (D:15)
  18 dancing weapons
  2 two-headed ogres
  2 orc high priests
  4 thrashing horrors
  A wretched star (Abyss:4)
  12 deep elf knights
  A pharaoh ant (Spider:1)
  A fire crab (Elf:2)
  A sea snake (D:11)
  A sixfirhy (Abyss:4)
  A shadow demon (Abyss:4)
  A steelbarb worm (Spider:1)
  8 deep elf archers
  A lindwurm (Lair:6)
  23 deep elf zephyrmancers
  A wolf spider (D:15)
  26 deep elf pyromancers
  6 orc sorcerers
  A manticore (shapeshifter) (Lair:6)
  11 ugly things
  5 cyclopes
  2 manticores (D:15)
  9 elephants
  4 black mambas
  A smoke demon (Lair:6)
  A merfolk siren (Lair:4)
  14 cane toads
  An eye of devastation (shapeshifter) (Lair:6)
  A naga mage (D:15)
  A gargoyle (D:12)
  A rime drake (Lair:3)
  2 unseen horrors
  A rime drake (shapeshifter) (Lair:6)
  A tormentor (Abyss:4)
  A freezing wraith (D:15)
  2 ancient zymes
  12 komodo dragons
  A wind drake (Lair:6)
  2 polar bears
  A tarantella (Spider:1)
  7 trolls
  Prince Ribbit (D:7)
  20 blink frogs
  5 dream sheep (Lair:5)
  19 slime creatures
  3 raiju (Abyss:4)
  Sigmund (D:5)
  3 jumping spiders
  A snapping turtle (D:9)
  A centaur simulacrum (D:14)
  2 air elementals (Elf:3)
  3 water elementals
  A ynoxinul (Lair:6)
  2 shadows
  6 wraiths
  A spriggan (Lair:6)
  A vampire (D:12)
  2 culicivoras (Spider:1)
  7 fire elementals
  58 yaks
  3 basilisks
  5 wyverns
  7 redbacks
  2 chaos spawn
  A hog (Lair:6)
  A human (shapeshifter) (D:8)
  5 vampire mosquitoes
  2 steam dragons
  3 wargs
  5 large abominations
  Edmund (D:6)
  3 acid dragons
  16 water moccasins
  19 orc warriors
  4 black bears
  An ice beast (D:5)
  4 ogres
  8 wolves
  A lemure (D:6)
  5 centaurs
  A phantom (D:5)
  3 gnoll sergeants
  12 bullfrogs
  A necrophage (D:7)
  5 scorpions
  9 small abominations (Lair:6)
  An earth elemental (Elf:1)
  6 killer bees
  4 howler monkeys
  2 electric eels
  A hound (D:5)
  6 jellies
  20 orc priests
  Crazy Yiuf (D:4)
  A quasit (Abyss:4)
  Jessica (D:3)
  5 iguanas
  25 orc wizards
  2 mummies
  15 gnolls
  8 adders
  5 shadow imps
  3 white imps
  An ufetubus (D:5)
  A worm (D:4)
  A dart slug (D:1)
  63 orcs
  A spectral bat (Ossuary)
  15 endoplasms
  A giant cockroach (D:4)
  8 hobgoblins
  4 quokkas
  5 ball pythons
  3 bats
  5 bat simulacra (Ossuary)
  4 frilled lizards
  12 gnoll zombies (Ossuary)
  4 goblins
  A goblin simulacrum (Ossuary)
  4 goblin zombies (Ossuary)
  5 hobgoblin zombies
  2 kobolds (D:4)
  2 kobold simulacra (Ossuary)
  5 kobold zombies (Ossuary)
  6 orc zombies
  3 rats
  2 rat simulacra (Ossuary)
  5 spectral goblins (Ossuary)
  A spectral hobgoblin (D:7)
  2 spectral rats (Ossuary)
  A butterfly (Lair:4)
785 creatures vanquished.

Vanquished Creatures (collateral kills)
  A lich (Abyss:4)
  3 deep elf elementalists (Elf:3)
  A centaur warrior (D:13)
  3 two-headed ogres (D:15)
  A dancing weapon (Elf:2)
  2 thrashing horrors
  A deep elf knight (Elf:2)
  A spriggan simulacrum (Abyss:4)
  An ugly thing (Lair:6)
  A deep elf zephyrmancer (Elf:2)
  A deep elf pyromancer (Elf:2)
  A cane toad (Lair:5)
  2 ancient zymes
  A dream sheep (Lair:5)
  A large abomination (Abyss:4)
  8 starcursed masses (Abyss:4)
  9 yaks
  3 vampire mosquitoes (D:13)
  An acid dragon (D:11)
  A small abomination (Lair:6)
  2 water moccasins
  3 killer bees (D:8)
  An orc priest (D:5)
  3 orcs (D:5)
52 creatures vanquished.

Vanquished Creatures (others)
  Nessos (D:14)
  2 deep elf knights (Elf:2)
  A deep elf pyromancer (D:14)
  A cane toad (Lair:6)
  A sky beast (D:8)
  An orc wizard (D:8)
  4 orcs (D:8)
  85 fungi
  98 plants
194 creatures vanquished.

Grand Total: 1031 creatures vanquished

Notes
Turn   | Place    | Note
-------+----------+-------------------------------------------
     0 | D:1      | Pelinal the Hill Orc Fighter began the quest for the Orb.
     0 | D:1      | Reached XP level 1. HP: 19/19 MP: 1/1
   161 | D:1      | Reached XP level 2. HP: 20/26 MP: 2/2
   824 | D:2      | Reached XP level 3. HP: 26/31 MP: 3/3
  1291 | D:3      | Reached skill level 5 in Axes
  1306 | D:3      | Found a sparkling altar of Nemelex Xobeh.
  1315 | D:3      | Became a worshipper of Nemelex Xobeh the Trickster
  1473 | D:3      | Noticed Jessica
  1483 | D:3      | Killed Jessica
  1484 | D:3      | Reached skill level 1 in Invocations
  1484 | D:3      | Reached XP level 4. HP: 21/39 MP: 4/4
  1676 | D:3      | Found a faded altar of an unknown god.
  1708 | D:3      | Reached XP level 5. HP: 36/45 MP: 6/6
  1722 | D:3      | Reached skill level 2 in Invocations
  1960 | D:3      | Found a runed translucent gate.
  1961 | D:3      | Found a runed translucent gate.
  1961 | D:3      | Noticed Sabo's ghost (amateur DsGl)
  1962 | D:3      | Found a runed translucent gate.
  1962 | D:3      | Identified the +7 hand axe of Soxilics {distort, rElec}
  2688 | D:3      | Found a roughly hewn altar of Beogh.
  2732 | D:4      | Noticed a black bear
  2842 | D:3      | Killed a black bear
  2843 | D:3      | Reached skill level 3 in Invocations
  2843 | D:3      | Reached XP level 6. HP: 27/51 MP: 6/8
  3030 | D:4      | Reached * piety under Nemelex Xobeh
  3275 | D:4      | Found a runed translucent door.
  3276 | D:4      | Noticed Crazy Yiuf
  3319 | D:4      | Reached skill level 4 in Invocations
  3410 | D:4      | Found a broken altar of Ashenzari.
  3831 | D:4      | Found an ornate altar of the Wu Jian Council.
  4085 | D:4      | Killed Crazy Yiuf
  4086 | D:4      | Reached XP level 7. HP: 27/57 MP: 7/10
  4417 | D:5      | Entered Level 5 of the Dungeon
  4493 | D:5      | Received a gift from Nemelex Xobeh
  4644 | D:5      | Reached skill level 5 in Invocations
  4858 | D:5      | Found a sand-covered staircase.
  4867 | Ossuary  | Entered an ossuary
  5406 | D:5      | Reached skill level 10 in Axes
  5406 | D:5      | Reached XP level 8. HP: 49/64 MP: 12/12
  5569 | D:5      | Reached ** piety under Nemelex Xobeh
  5603 | D:5      | Reached skill level 6 in Invocations
  6129 | D:5      | Found a staircase to the Ecumenical Temple.
  6147 | D:5      | Noticed Sigmund
  6152 | D:5      | Killed Sigmund
  6268 | D:6      | Found a blossoming altar of Fedhas.
  6343 | D:6      | Reached skill level 7 in Invocations
  6639 | D:6      | Noticed Grinder
  6639 | D:6      | Noticed Edmund
  6641 | D:6      | Paralysed by Grinder for 3 turns
  6643 | D:6      | Noticed a wyvern
  6672 | D:5      | Killed a wyvern
  6899 | D:6      | Found a stormy altar of Qazlal.
  6924 | D:6      | Noticed Grinder
  6924 | D:6      | Grinder changed into Grinder the lemure
  6931 | D:6      | Killed Grinder the lemure
  6932 | D:6      | Reached XP level 9. HP: 70/70 MP: 14/14
  7022 | D:6      | Found Ibiut's One-of-a-Kind Rings.
  7179 | D:6      | Killed Edmund
  7180 | D:6      | Reached skill level 8 in Invocations
  7431 | D:7      | Noticed Prince Ribbit
  7442 | D:7      | Killed Prince Ribbit
  7486 | D:7      | Received a gift from Nemelex Xobeh
  7881 | D:7      | Found a hazy altar of Hepliaklqana.
  8257 | D:7      | Reached *** piety under Nemelex Xobeh
  8736 | D:8      | Reached skill level 9 in Invocations
  9027 | D:8      | Reached skill level 10 in Invocations
  9027 | D:8      | Reached XP level 10. HP: 17/77 MP: 17/17
  9471 | D:8      | Found a bloodstained altar of Trog.
  9652 | D:9      | Reached skill level 15 in Axes
  9859 | D:9      | Reached skill level 1 in Dodging
 10710 | D:9      | Noticed a two-headed ogre
 10711 | D:9      | a two-headed ogre changed into a snapping turtle
 10743 | D:9      | Reached **** piety under Nemelex Xobeh
 10783 | D:9      | Found a hide-covered altar of Uskayaw.
 11154 | D:9      | Reached skill level 5 in Armour
 11163 | D:9      | Reached skill level 5 in Shields
 11328 | D:9      | Found a transporter.
 11328 | D:9      | Found a viscous altar of Jiyva.
 11435 | D:9      | Found a transporter.
 11435 | D:9      | Noticed a great orb of eyes
 11493 | D:10     | Entered Level 10 of the Dungeon
 11621 | D:10     | Found a sacrificial altar of Ru.
 11621 | D:10     | Received a gift from Nemelex Xobeh
 11793 | D:10     | Found a shadowy altar of Dithmenos.
 11840 | D:10     | Received a gift from Nemelex Xobeh
 11923 | D:10     | Found a glowing golden altar of the Shining One.
 11963 | D:10     | Noticed an obsidian statue
 12038 | D:10     | Killed an unseen horror
 12039 | D:10     | Reached skill level 1 in Evocations
 12168 | D:10     | Reached XP level 11. HP: 77/82 MP: 18/18
 12243 | D:10     | Found a glowing silver altar of Zin.
 12243 | D:10     | Found a white marble altar of Elyvilon.
 12897 | D:11     | Found a staircase to the Lair.
 13076 | D:11     | Noticed a two-headed ogre
 13080 | D:11     | Noticed a sea snake
 13080 | D:11     | a two-headed ogre changed into a sea snake
 13083 | D:11     | Killed a sea snake
 13137 | Lair:1   | Entered Level 1 of the Lair of Beasts
 13304 | Lair:1   | Noticed an eight-headed hydra
 13313 | Lair:1   | Killed an eight-headed hydra
 13521 | Lair:1   | Reached ***** piety under Nemelex Xobeh
 13521 | Lair:1   | Received a gift from Nemelex Xobeh
 13828 | Lair:1   | Reached skill level 5 in Dodging
 13841 | Lair:1   | Reached XP level 12. HP: 83/90 MP: 19/19
 13903 | Lair:1   | Reached skill level 5 in Evocations
 14479 | Lair:2   | Received a gift from Nemelex Xobeh
 15737 | Lair:3   | Reached skill level 5 in Fighting
 15913 | Lair:3   | Received a gift from Nemelex Xobeh
 16484 | Lair:3   | Found a hole to the Spider Nest.
 16732 | Lair:4   | Received a gift from Nemelex Xobeh
 16732 | Lair:4   | Noticed Snorg
 16741 | Lair:4   | Killed Snorg
 16791 | Lair:4   | Noticed a catoblepas
 16835 | Lair:4   | Killed a catoblepas
 16836 | Lair:4   | Reached XP level 13. HP: 98/105 MP: 20/20
 17429 | Lair:4   | Received a gift from Nemelex Xobeh
 17548 | Lair:4   | Found a staircase to the Shoals.
 17843 | Lair:5   | Reached skill level 10 in Armour
 17843 | Lair:5   | Reached skill level 10 in Shields
 18107 | Lair:5   | Reached ****** piety under Nemelex Xobeh
 18169 | Lair:5   | Reached skill level 11 in Invocations
 18462 | Lair:5   | Noticed a quicksilver ooze
 18480 | Lair:5   | Killed a quicksilver ooze
 18481 | Lair:5   | Reached skill level 12 in Invocations
 19125 | Lair:5   | Found a staircase to the Slime Pits.
 19166 | Lair:5   | Reached skill level 13 in Invocations
 19385 | Lair:5   | Received a gift from Nemelex Xobeh
 19780 | Lair:5   | Received a gift from Nemelex Xobeh
 20637 | Lair:6   | Entered Level 6 of the Lair of Beasts
 20650 | Lair:6   | Reached skill level 14 in Invocations
 20711 | Lair:6   | Received a gift from Nemelex Xobeh
 20786 | Lair:6   | Reached XP level 14. HP: 116/116 MP: 24/24
 20932 | Lair:6   | Received a gift from Nemelex Xobeh
 21184 | Lair:6   | Reached skill level 15 in Invocations
 22006 | Lair:6   | Reached skill level 16 in Invocations
 23097 | Lair:6   | Reached skill level 17 in Invocations
 23163 | Lair:6   | Noticed Urug
 23166 | Lair:6   | Noticed Urug
 23166 | Lair:6   | Urug changed into Urug the wind drake
 23172 | Lair:6   | Killed Urug the wind drake
 23675 | Lair:6   | Found a corrupted altar of Lugonu.
 23675 | Lair:6   | Found a one-way gate to the infinite horrors of the Abyss.
 24296 | Lair:1   | Identified a scroll of acquirement
 24298 | Lair:1   | Acquired a manual of Shields
 24450 | D:6      | Bought the ring "Oppizesu" {rElec Str+3 Dex+6 SInv} for
                  | 1079 gold pieces
 24730 | D:11     | Found a roughly hewn altar of Beogh.
 24730 | D:11     | Found a staircase to the Orcish Mines.
 24872 | Orc:1    | Entered Level 1 of the Orcish Mines
 24872 | Orc:1    | Found Zalil's Antique Armour Shoppe.
 25083 | Orc:1    | Bought a pair of glowing gloves for 195 gold pieces
 25093 | Orc:2    | Entered Level 2 of the Orcish Mines
 25216 | Orc:2    | Reached skill level 1 in Throwing
 25269 | Orc:2    | Found Sanoleah's General Store.
 25402 | Orc:2    | Received a gift from Nemelex Xobeh
 25577 | Orc:2    | Found Zuamin's Jewellery Emporium.
 25577 | Orc:2    | Found Qampeciona's Armour Emporium.
 25578 | Orc:2    | Found Giocwop's General Store.
 25583 | Orc:2    | Found Kiroybit's General Store.
 25592 | Orc:2    | Bought a wand of iceblast (7) for 121 gold pieces
 25720 | Orc:2    | Noticed Erolcha
 25723 | Orc:2    | Killed Erolcha
 25770 | Orc:2    | Found a staircase to the Elven Halls.
 26224 | D:11     | Found a runed translucent door.
 26227 | D:11     | Noticed jlumianski's ghost (journeyman DsFi)
 26274 | D:11     | Received a gift from Nemelex Xobeh
 27019 | D:12     | Found Gael's Distillery.
 27047 | D:12     | Bought a potion of heal wounds for 70 gold pieces
 27047 | D:12     | Bought 2 potions of curing for 84 gold pieces
 27047 | D:12     | Bought a potion of curing for 42 gold pieces
 27268 | D:12     | Found Wacucoin's Magic Scroll Boutique.
 27279 | D:12     | Bought a scroll of enchant armour for 90 gold pieces
 27279 | D:12     | Bought a scroll of enchant armour for 90 gold pieces
 27296 | D:12     | Found a bloodstained altar of Trog.
 27567 | D:13     | Received a gift from Nemelex Xobeh
 27642 | D:13     | Found Zin's Purification Station.
 27642 | D:13     | Found a glowing silver altar of Zin.
 27650 | D:13     | Bought a potion of curing for 90 gold pieces
 27666 | D:13     | Noticed an ironbound preserver
 27669 | D:13     | Found a gate to the Vaults.
 27696 | D:13     | Reached XP level 15. HP: 123/123 MP: 27/27
 27862 | D:13     | Noticed Josephine
 27870 | D:13     | Killed Josephine
 28106 | D:13     | You fall into a shaft and drop 1 floor!
 28106 | D:14     | Found a sacrificial altar of Ru.
 28177 | D:14     | Received a gift from Nemelex Xobeh
 28873 | D:14     | Noticed Frances
 28876 | D:14     | Killed Frances
 28991 | D:14     | Identified the +8 hand axe "Nuheageg" {freeze, Will- Dex+7}
 28996 | D:14     | Received a gift from Nemelex Xobeh
 29158 | D:14     | Received a gift from Nemelex Xobeh
 29199 | D:14     | Noticed Nessos
 29208 | D:14     | Killed Nessos
 29578 | D:14     | Identified the +0 scale mail of the Snake Pit {+Blink +Inv
                  | Regen+ Str-3}
 29755 | D:14     | Noticed Agnes
 29758 | D:14     | Killed Agnes
 29759 | D:14     | Reached skill level 15 in Shields
 29971 | D:15     | Entered Level 15 of the Dungeon
 30049 | D:15     | Reached skill level 5 in Throwing
 30106 | D:15     | Received a gift from Nemelex Xobeh
 30525 | D:15     | Found a staircase to the Depths.
 30756 | D:15     | Received a gift from Nemelex Xobeh
 31146 | Elf:1    | Entered Level 1 of the Elven Halls
 31454 | Elf:1    | Cast into level 4 of the Abyss (+0 mace of distortion)
 31454 | Abyss:4  | Found a corrupted altar of Lugonu.
 31462 | Abyss:4  | Gained mutation: You are clumsy. (Dex -2) [a neqoxec]
 31471 | Abyss:4  | Noticed a lich
 31480 | Abyss:4  | Killed a lich
 31488 | Abyss:4  | Paralysed by accursed screaming for 1 turns
 31670 | Elf:1    | Escaped the Abyss
 31670 | Elf:1    | HP: 6/124 [+0 mace of distortion (15)]
 31677 | Elf:1    | Reached XP level 16. HP: 11/132 MP: 7/28
 31795 | Orc:2    | Lost mutation: You are clumsy. (Dex -2) [potion of
                  | mutation]
 31795 | Orc:2    | Gained mutation: You are partially covered in iridescent
                  | scales. (AC +2) [potion of mutation]
 32312 | Elf:1    | Got the Almanac of Creative Confrontation
 32413 | Elf:1    | Received a gift from Nemelex Xobeh
 32651 | Elf:1    | You fall into a shaft and drop 1 floor!
 32781 | Elf:2    | Noticed a deep elf blademaster
 32782 | Elf:2    | Killed a deep elf blademaster
 32891 | Elf:2    | Reached skill level 10 in Evocations
 32996 | Elf:2    | Found a runed translucent gate.
 32996 | Elf:2    | Found a runed translucent gate.
 32996 | Elf:2    | Found a runed translucent gate.
 33190 | Elf:2    | Received a gift from Nemelex Xobeh
 33458 | Elf:2    | Found Dunynn's Armour Shop.
 33531 | Elf:2    | Reached skill level 18 in Invocations
 33968 | Elf:3    | Entered Level 3 of the Elven Halls
 34117 | Elf:3    | Reached XP level 17. HP: 59/138 MP: 30/30
 34340 | Elf:3    | Reached skill level 19 in Invocations
 34451 | Elf:3    | Noticed an Ice Fiend
 34946 | Elf:3    | Paralysed by an air elemental for 1 turns
 34966 | Elf:3    | Paralysed by an air elemental for 1 turns
 34970 | Elf:3    | Paralysed by an air elemental for 1 turns
 35085 | Elf:3    | Reached skill level 20 in Invocations
 35232 | Elf:3    | Identified the +6 hand axe "Ofaucom" {flame, Will+}
 35238 | Elf:3    | Noticed a deep elf master archer
 35249 | Elf:3    | Noticed an Executioner
 35249 | Elf:3    | Killed a deep elf master archer
 35253 | Elf:3    | Noticed an Ice Fiend
 35254 | Elf:3    | Noticed a Hell Sentinel
 35255 | Elf:3    | Noticed a deep elf blademaster
 35262 | Elf:3    | a deep elf blademaster changed into a frost giant
 35293 | Elf:3    | Noticed a deep elf blademaster
 35374 | Elf:3    | a deep elf blademaster changed into a stone giant
 35435 | Elf:3    | Noticed a deep elf master archer
 35439 | Elf:3    | Killed a deep elf master archer
 35557 | Elf:3    | Identified the +0 long sword of Unufobamo {vamp, rElec
                  | SInv}
 35740 | Elf:3    | Identified the +1 dagger "Sabeos" {vorpal, rPois rN+ Str+4}
 35771 | Elf:3    | Identified the +9 rapier of Meuwk {freeze, rElec rPois
                  | Will+ SInv}
 35781 | Elf:3    | Cast into level 3 of the Abyss (a deep elf sorcerer)
 35788 | Elf:3    | Escaped the Abyss
 36277 | Spider:1 | Entered Level 1 of the Spider Nest
 36401 | Spider:1 | HP: 10/207 [poisoned by a redback]
 36403 | Spider:1 | HP: 2/207 [poisoned by a redback]
 36404 | Spider:1 | Succumbed to a redback's poison

Illustrated notes

Levels and vault maps discovered:
D:1:      minmay_arrival_up_and_down, layout_rooms
D:2:      layout_loops_ring
D:3:      minmay_general_purpose_star, layout_rooms,
          nemelex_diamond_rough_becter, biasface_ghost_orc_armoury,
          hellmonk_ecumenical_altar_zigzags, chequers_avenue, uniq_jessica
D:4:      layout_basic, lemuel_doored_altar, nzn_wu_jian_council_hall,
          uniq_crazy_yiuf_cottage
D:5:      layout_gridville, minmay_temple_entry_antechambers,
          nicolae_ossuary_entry_giza, minmay_circle_x, uniq_sigmund
D:6:      layout_gridville, fedhas_bush_and_centaur_altar,
          nicolae_qazlal_scattered_showers, dk_noncrumbling_4,
          hangedman_decor_growths, minmay_crystal_water,
          amcnicky_mini_pool_small, nicolae_shop_unique_rings, uniq_grinder,
          uniq_edmund
D:7:      layout_basic, nicolae_hepliaklqana_monster_ancestors, serial_rivers,
          chequers_serial_rivers_room_b, chequers_serial_rivers_small_a,
          chequers_serial_rivers_micro_d, chequers_serial_rivers_small_3,
          chequers_serial_rivers_micro_d, uniq_prince_ribbit1
D:8:      layout_rooms, mainiacjoe_overflow_tiny_flanked, lemuel_flamethrower_2
D:9:      gammafunk_jiyva_shrine, layout_basic, nicolae_uskayaw_suspiria
D:10:     minmay_weird_star, layout_long_grid, nicolae_tso_swordbearing_angel,
          mainiacjoe_overflow_boulevard, nicolae_overflow_squiral,
          kennysheep_mini, roderic_lattice_a, minivault_16, minivault_11
D:11:     layout_gridville, due_lair_maze_entry_diamond, david_orc_5,
          ebering_ghost_inner_flame
D:12:     layout_basic, serial_shops, shop, nicolae_shop_hallway_stairs,
          trog_butcher_becter
D:13:     layout_cave_pods, skrybe_vaults_entry_preservation, zin_purify,
          uniq_josephine
D:14:     layout_stronghold, nicolae_ru_sacrificial_ziggurat,
          serial_bayou_pond_d, uniq_agnes, uniq_frances, uniq_nessos
D:15:     hangedman_depths_entry_try_elsewhere_first, layout_cave_pods,
          skrybe_limestone_x
Lair:1:   layout_small_grid, serial_bayou_ford_a, lemuel_fruit_tree
Lair:2:   layout_long_grid, minivault_26, serial_bayou_shore_a
Lair:3:   layout_big_grid, spider_nest_entry_funnel_web, grunt_megastairs_4
Lair:4:   layout_gridlike, minmay_shoals_entry_lonely_mermaid,
          hangedman_lair_unloving_vines, dreamdust_mushroom_princess,
          lemuel_fruit_fields, uniq_snorg
Lair:5:   layout_layer_cave, nicolae_slime_entry_slimehenge,
          nicolae_lair_time_for_slime
Lair:6:   hellmonk_lair_end_abyssal_woods, layout_cave_pods,
          infiniplex_staircase_pool_2, uniq_urug
Spider:1: layout_chambers, uniq_asterion, uniq_azrael
Orc:1:    nicolae_orc_accident_2, layout_caves, serial_shops,
          nicolae_shop_advertising_works [nicolae_subvault_shop_adworks]
Orc:2:    st_orc_mages, layout_caves, serial_shops, shop, uniq_erolcha
Elf:1:    minmay_elf_arrival_circle, layout_loops_corners, minmay_elf_sorcery
Elf:2:    elven_hall_of_blades_hangedman_original [grunt_blade_entry_basic],
          layout_loops_ring, serial_shops, nicolae_shop_stone, uniq_louise
Elf:3:    elf_hall_gauntlet_narrow, layout_geoelf_octagon

Skill      XL: |  1  2  3  4  5  6  7  8  9 10 11 12 13 14 15 16 17 |
---------------+----------------------------------------------------+-----
Axes           | 3 4 5 6 7 8 10 12 14 16 17 18 | 18.0
Invocations    | 1 3 4 5 7 10 14 17 18 20 | 20.0
Dodging        | 3 5 6 7 |  7.7
Armour         | 5 7 9 10 11 | 11.5
Shields        | 5 7 9 10 12 17 18 | 18.8
Evocations     | 1 4 5 11 | 11.0
Fighting       | 7 8 9 |  9.4
Throwing       | 2 6 |  6.0

Action                   |  1- 3 |  4- 6 |  7- 9 | 10-12 | 13-15 | 16-18 || total
-------------------------+-------+-------+-------+-------+-------+-------++-------
Melee: War axe           |    77 |   116 |   370 |   517 |   517 |       ||  1597
       Unarmed           |       |       |     8 |       |       |       ||     8
       Broad axe         |       |       |       |       |   616 |   590 ||  1206
Throw: Dart              |       |       |       |       |       |     3 ||     3
Invok: Draw Destruction  |       |       |     7 |    21 |    26 |    26 ||    80
       Draw Summoning    |       |       |     3 |     4 |     8 |     6 ||    21
       Draw Escape       |       |       |     1 |     2 |     1 |     1 ||     5
       Triple Draw       |       |       |       |     1 |       |       ||     1
       Deal Four         |       |       |       |     1 |     5 |       ||     6
       Draw Stack        |       |       |       |       |       |     4 ||     4
       Stack Five        |       |       |       |       |       |     2 ||     2
Evoke: Wand              |       |       |     7 |     8 |    10 |    23 ||    48
       Box of beasts     |       |       |       |       |     1 |     1 ||     2
  Use: Potion            |       |     1 |     3 |     1 |    10 |     7 ||    22
       Scroll            |       |       |     7 |    20 |    13 |     9 ||    49
 Stab: Distracted        |       |       |     1 |       |     2 |     1 ||     4
       Held in net/web   |       |       |       |       |     1 |       ||     1
Armor: Scale mail        |    32 |    35 |    22 |       |    40 |    92 ||   221
       Ring mail         |       |       |    94 |   177 |   241 |       ||   512
       Skin              |       |       |     4 |       |       |       ||     4
Dodge: Dodged            |    51 |    30 |   123 |   206 |   289 |   127 ||   826
Block: Buckler           |    18 |    50 |   127 |    87 |       |       ||   282
       Reflection        |       |     1 |     5 |     3 |    43 |    64 ||   116
       Other             |       |       |     2 |       |       |       ||     2
       Kite shield       |       |       |       |   225 |   412 |       ||   637
       Tower shield      |       |       |       |       |   575 |   554 ||  1129

Table legend: (Time is in decaauts)
 A = Elapsed time spent in this place.
 B = Non-inter-level travel time spent in this place.
 C = Inter-level travel time spent in this place.
 D = Time resting spent in this place.
 E = Time spent auto-exploring this place.
 F = Levels seen in this place.
 G = Mean time per level.
                   A        B        C        D        E       F      G
               +--------+--------+--------+--------+--------+-----+--------+
         Total |  36204 |  33993 |   2211 |   8226 |  19063 |  30 | 1206.8 |
       Dungeon |  18464 |  16811 |   1653 |   3868 |  10289 |  15 | 1230.9 |
          Lair |  11129 |  10829 |    300 |   2983 |   6211 |   6 | 1854.8 |
   Spider Nest |    119 |    119 |      0 |      0 |     69 |   1 |  119.0 |
  Orcish Mines |   1378 |   1263 |    115 |    219 |    781 |   2 |  689.0 |
   Elven Halls |   4444 |   4303 |    141 |   1042 |   1437 |   3 | 1481.3 |
         Abyss |    210 |    210 |      0 |    112 |      6 |   2 |  105.0 |
       Ossuary |    457 |    457 |      0 |      0 |    270 |   1 |  457.0 |
               +--------+--------+--------+--------+--------+-----+--------+

Top non-repeatable levels by time:
  Lair:6: 3501 daAuts
  Lair:5: 2537 daAuts
   Elf:3: 1848 daAuts
     D:4: 1615 daAuts
     D:9: 1615 daAuts
     D:3: 1605 daAuts
  Lair:1: 1581 daAuts
     D:5: 1517 daAuts
     D:8: 1432 daAuts
  Lair:4: 1395 daAuts
   Elf:2: 1381 daAuts
    D:10: 1324 daAuts
     D:7: 1281 daAuts
    D:13: 1249 daAuts
   Elf:1: 1214 daAuts
